[Event "Titled Tuesday Blitz May 25 2021"]
[White "Spyropoulos, Nikolaos"]
[Black "Nguyen, Ngoc Truong Son"]
[WhiteFideId "4298977"]
[BlackFideId "12401110"]
[WhiteElo "2159"]
[BlackElo "2596"]
[Result "0-1"]
[Round "06"]
[TimeControl "180+1"]
[Date "2021.05.25"]
[WhiteClock "0:00:19"]
[BlackClock "0:00:06"]

1. e4 c5 2. Nf3 Nc6 3. d4 cxd4 4. Nxd4 e6 5. Nc3 a6 6. Nxc6 bxc6 7. Bd3 d5 8. O-O Nf6 9. Qe2 Be7 10. Bd2 c5 11. exd5 exd5 12. Qf3 O-O 13. Rfe1 Be6 14. Rad1 Bg4 15. Qg3 Bxd1 16. Rxd1 Qb8 17. Bf4 Qb7 18. Be5 g6 19. Qf3 Qc6 20. Bc4 Rad8 21. Bxf6 Qxf6 22. Nxd5 Qxf3 23. gxf3 Kg7 24. Bxa6 Bf6 25. Bc4 Bxb2 26. a4 Rd6 27. c3 Ra8 28. Bb5 c4 29. Kf1 Rad8 30. Bxc4 Bxc3 31. Rb1 Rxd5 32. Bxd5 Rxd5 33. Rb7 Ba5 34. Kg2 Rg5+ 35. Kf1 Rf5 36. Ke2 h5 37. Rd7 Kf6 38. Rd6+ Ke7 39. Ra6 h4 40. Ke3 h3 41. Ke4 Bc7 42. Ra7 Kd7 43. f4 Rxf4+ 44. Ke3 Rb4 45. Kf3 Rb3+ 46. Kg4 Kc6 47. f4 Rb4 48. a5 Rxf4+ 49. Kg3 Ra4+ 50. Kxh3 Rxa5 0-1


[Site "https://www.chess.com"]

[Event "Titled Tuesday Blitz May 25 2021"]
[White "Stalri"]
[Black "Wagh Suyog"]
[BlackFideId "25071688"]
[WhiteElo "2283"]
[BlackElo "2219"]
[Result "0-1"]
[Round "06"]
[TimeControl "180+1"]
[Date "2021.05.25"]
[WhiteClock "0:00:01"]
[BlackClock "0:00:25"]

1. d4 f5 2. e4 fxe4 3. Nc3 Nf6 4. Bg5 c6 5. Bxf6 exf6 6. Nxe4 d5 7. Ng3 Bd6 8. Nf3 O-O 9. Be2 Re8 10. Qd2 Be6 11. O-O-O Nd7 12. Bd3 b5 13. Nf5 Bf8 14. h4 Nb6 15. b3 a5 16. g4 a4 17. b4 a3 18. c3 Nc4 19. Bxc4 dxc4 20. Rde1 Qd7 21. Ne3 Bd6 22. g5 Bf4 23. gxf6 gxf6 24. h5 Bf5 25. h6 Kh8 26. Rh4 Qc7 27. Rg1 Rg8 28. Qe1 Rxg1 29. Nxg1 Bd3 30. Nh3 Bd6 31. Rg4 Bg6 32. Qg1 Re8 33. Kd2 Qf7 34. Nf4 Bxf4 35. Rxf4 Qf8 36. Qh1 Qd6 37. Qh4 Rf8 38. Qg3 Qe6 39. Qf3 Bb1 40. Rg4 Bxa2 41. Nf5 Bb1 42. Ng7 Qd5 43. Qg3 a2 44. Nh5 a1=Q 45. Rf4 Qb2+ 46. Ke1 Qh1+ 0-1


[Site "https://www.chess.com"]

[Event "Titled Tuesday Blitz May 25 2021"]
[White "Starozhilov, Leonid"]
[Black "Goltsev, Dmitry"]
[WhiteFideId "14106752"]
[BlackFideId "24176710"]
[WhiteElo "2411"]
[BlackElo "2366"]
[Result "0-1"]
[Round "06"]
[TimeControl "180+1"]
[Date "2021.05.25"]
[WhiteClock "0:00:19"]
[BlackClock "0:01:28"]

1. e4 c5 2. Nf3 e6 3. c4 Nc6 4. Nc3 Nd4 5. Nxd4 cxd4 6. Ne2 e5 7. d3 Nf6 8. g3 Bb4+ 9. Bd2 Qa5 10. a3 Bxd2+ 11. Qxd2 Qxd2+ 12. Kxd2 d6 13. h3 a5 14. b4 axb4 15. Bg2 bxa3 16. Rhb1 Kd7 17. Rb3 a2 18. Nc1 Kc7 19. Rxa2 Rxa2+ 20. Nxa2 Bd7 21. Ra3 Rb8 22. Nb4 Bc6 23. f4 Nd7 24. Ra5 f6 25. h4 Nc5 26. Kc2 Rg8 27. fxe5 fxe5 28. Ra1 g5 29. h5 Rf8 30. Rf1 Rxf1 31. Bxf1 h6 32. Bh3 Kd8 33. Bf5 Ke7 34. Kd2 Kf6 35. g4 Ke7 36. Kc2 Kd8 37. Kd2 Kc7 38. Kc2 Kb6 39. Kb2 Ka5 40. Ka3 Ba4 41. Bc8 Bd1 42. Bf5 Be2 43. Nd5 Bxd3 44. Nf6 Bxc4 45. Kb2 Kb4 46. Bh7 d3 47. Bg8 Bxg8 48. Nxg8 Nxe4 49. Nxh6 Nf2 50. Nf5 d2 51. Ne3 Nxg4 52. Nd5+ Kc4 53. Nb6+ Kd3 0-1


[Site "https://www.chess.com"]

[Event "Titled Tuesday Blitz May 25 2021"]
[White "Sumaneev, Dmitry"]
[Black "Timmermans, Mark"]
[WhiteFideId "4125312"]
[BlackFideId "1026399"]
[WhiteElo "2524"]
[BlackElo "2460"]
[Result "0-1"]
[Round "06"]
[TimeControl "180+1"]
[Date "2021.05.25"]
[WhiteClock "0:00:01"]
[BlackClock "0:00:21"]

1. e4 e5 2. Nc3 Nf6 3. g3 d5 4. exd5 Nxd5 5. Bg2 Nxc3 6. bxc3 Bd6 7. Rb1 Nc6 8. Qh5 O-O 9. Nh3 h6 10. O-O Qe8 11. d3 f5 12. Qxe8 Rxe8 13. Bd5+ Kh7 14. f4 Ne7 15. Bg2 Rb8 16. fxe5 Bxe5 17. d4 Bd6 18. c4 c6 19. c5 Bc7 20. Bf4 Bxf4 21. Nxf4 g5 22. Nd3 Be6 23. Rfe1 Bxa2 24. Ra1 Bc4 25. Rxa7 Bxd3 26. cxd3 Kg6 27. Re6+ Kf7 28. Rxh6 Red8 29. Rh7+ Kf6 30. d5 cxd5 31. d4 Nc6 32. Raxb7 Rxb7 33. Rxb7 Nxd4 34. c6 Ke5 35. Rd7 Nxc6 36. Rg7 g4 37. Kf2 Rb8 38. Rd7 Rb2+ 39. Kf1 Nb4 40. h4 gxh3 41. Bxh3 Nc2 42. Re7+ Kd4 43. Kf2 Kc3 44. Kf3 Nd4+ 45. Kf4 Ne2+ 46. Kxf5 Nxg3+ 47. Kf4 Ne4 48. Bf5 Nc5 49. Rc7 Kd4 50. Bg6 Rf2+ 51. Kg5 Ne6+ 52. Kh5 Nxc7 0-1


[Site "https://www.chess.com"]

[Event "Titled Tuesday Blitz May 25 2021"]
[White "Tabatabaei, M. Amin"]
[Black "Wong, Yinn Long"]
[WhiteFideId "12521213"]
[BlackFideId "5707684"]
[WhiteElo "2555"]
[BlackElo "2016"]
[Result "1-0"]
[Round "06"]
[TimeControl "180+1"]
[Date "2021.05.25"]
[WhiteClock "0:00:34"]
[BlackClock "0:00:08"]

1. b3 d5 2. Bb2 Nf6 3. Nf3 Bf5 4. g3 e6 5. Bg2 Be7 6. O-O O-O 7. c4 c6 8. d3 Nbd7 9. Nbd2 a5 10. a3 h6 11. Ra2 Qc7 12. Qa1 Rfe8 13. Rc1 Bh7 14. Ne5 Nxe5 15. Bxe5 Qd7 16. Nf3 Bg6 17. Bd4 Qd8 18. c5 Bh5 19. h3 Bxf3 20. Bxf3 Bf8 21. b4 Nd7 22. e4 Qc7 23. Bc3 axb4 24. axb4 Rxa2 25. Qxa2 b6 26. exd5 exd5 27. d4 Nf6 28. Bd2 bxc5 29. bxc5 Ne4 30. Bf4 Qd7 31. Bg2 Ng5 32. h4 Ne6 33. Be3 Rb8 34. Rb1 Qc7 35. Bh3 Be7 36. Kg2 Rxb1 37. Qxb1 Bf6 38. Qb6 Qc8 39. h5 Bd8 40. Qa7 Bf6 41. Kh2 Qe8 42. Qa4 Ng5 43. Bf5 Nf3+ 44. Kg2 Ng5 45. Qa7 Ne6 46. Qa4 Ng5 47. Bb1 Qe6 48. Qa8+ 1-0


[Site "https://www.chess.com"]

[Event "Titled Tuesday Blitz May 25 2021"]
[White "Taboas Rodriguez, Daniel"]
[Black "Aravindh, Chithambaram VR."]
[WhiteFideId "2208466"]
[BlackFideId "5072786"]
[WhiteElo "2429"]
[BlackElo "2600"]
[Result "1-0"]
[Round "06"]
[TimeControl "180+1"]
[Date "2021.05.25"]
[WhiteClock "0:00:09"]
[BlackClock "0:00:04"]

1. d4 g6 2. Nf3 Bg7 3. c4 d6 4. Nc3 Nd7 5. e4 e5 6. Be2 Ne7 7. d5 O-O 8. h4 h5 9. Be3 Nf6 10. Bd2 c6 11. Qb3 Ng4 12. Ng5 Kh8 13. f3 Nh6 14. O-O-O f5 15. c5 fxe4 16. cxd6 Nxd5 17. Nxd5 cxd5 18. Qxd5 exf3 19. Bxf3 Bf5 20. Bc3 Rc8 21. Rhe1 Qd7 22. Rxe5 Ng4 23. Re7 Qa4 24. Be4 Ne3 25. Rxg7 Rxc3+ 26. bxc3 Kxg7 27. Qd4+ Qxd4 28. Rxd4 Rd8 29. Bxb7 Kf6 30. Bf3 Ng4 31. Bxg4 Bxg4 32. Kd2 Ke5 33. Ke3 Rb8 34. Nf3+ Kf6 35. d7 Ke7 36. Ne5 Bxd7 37. Nxd7 Rb2 38. Ne5 Rxg2 39. Nf3 Rxa2 40. Re4+ Kf6 41. c4 Ra3+ 42. Kf4 Ra1 43. Ng5 Rf1+ 44. Kg3 a5 45. Re6+ Kf5 46. Ra6 Rg1+ 47. Kh3 Rh1+ 48. Kg3 Rg1+ 49. Kh2 Ra1 50. c5 Kg4 51. c6 Kxh4 52. Nf3+ Kg4 53. Ne5+ Kf5 54. c7 Ra2+ 55. Kg3 Ra3+ 56. Kf2 Rc3 57. Nc6 Rc2+ 58. Ke3 Rxc6 59. Rxc6 1-0


[Site "https://www.chess.com"]

[Event "Titled Tuesday Blitz May 25 2021"]
[White "Tarigan, Gilbert Elroy"]
[Black "Senft, Sean"]
[WhiteFideId "7108133"]
[BlackFideId "2044960"]
[WhiteElo "1908"]
[BlackElo "1881"]
[Result "0-1"]
[Round "06"]
[TimeControl "180+1"]
[Date "2021.05.25"]
[WhiteClock "0:00:06"]
[BlackClock "0:00:43"]

1. e4 c5 2. Nf3 d6 3. d4 cxd4 4. Nxd4 Nf6 5. Nc3 a6 6. Bg5 e6 7. Qd2 Qb6 8. O-O-O Nc6 9. Nb3 Bd7 10. Bxf6 gxf6 11. f4 Be7 12. f5 O-O-O 13. Kb1 Kb8 14. Be2 Rc8 15. Nd4 Nxd4 16. Qxd4 Qxd4 17. Rxd4 Bc6 18. Bh5 Rhf8 19. Re1 b5 20. Bg4 e5 21. Rd3 b4 22. Nd5 Bxd5 23. Rxd5 Rg8 24. Bf3 Rc5 25. Rd3 Rgc8 26. Bd1 Rg8 27. Re2 a5 28. Rh3 Rg7 29. Rf2 d5 30. Bf3 dxe4 31. Bxe4 Rc4 32. Re2 Rd4 33. Bd3 Kc7 34. g3 Rd8 35. Re4 Bc5 36. Rh6 Rd6 37. Kc1 Rd4 38. Rxd4 Bxd4 39. Kb1 a4 40. b3 a3 41. Rh4 Kd6 42. Kc1 Kd5 43. Kd1 Kc5 44. Ke2 Kd5 45. Kf3 Bc5 46. Rc4 Kd6 47. Rh4 Bd4 48. Rh6 Ke7 49. Be2 Kd7 50. Ke4 Ke7 51. g4 Bc3 52. Rh3 Kd6 53. Rd3+ Kc7 54. Rh3 Kc6 55. Kf3 Kd5 56. Bc4+ Kd4 57. Rh6 e4+ 58. Ke2 e3 59. h3 Bd2 60. Rxf6 Kc3 61. Rxf7 Rxf7 62. Bxf7 Kb2 63. Bg6 hxg6 64. fxg6 Bc3 65. h4 Kxa2 66. h5 Kb2 67. h6 a2 68. g7 a1=Q 69. g8=Q Qe1+ 70. Kd3 Qd2+ 71. Kc4 Qd4+ 72. Kb5 e2 73. Qe6 e1=Q 74. Qa6 Qe2+ 75. Ka4 Qxa6# 0-1


[Site "https://www.chess.com"]

[Event "Titled Tuesday Blitz May 25 2021"]
[White "Tejedor Fuente, Enrique"]
[Black "Nesterov, Arseniy"]
[WhiteFideId "2299100"]
[BlackFideId "24198455"]
[WhiteElo "2535"]
[BlackElo "2441"]
[Result "0-1"]
[Round "06"]
[TimeControl "180+1"]
[Date "2021.05.25"]
[WhiteClock "0:00:01"]
[BlackClock "0:01:03"]

1. e4 e5 2. Nf3 Nc6 3. Bb5 a6 4. Ba4 b5 5. Bb3 Na5 6. Nxe5 Nxb3 7. axb3 Qg5 8. Nf3 Qxg2 9. Rg1 Qh3 10. Nc3 Bb7 11. Qe2 O-O-O 12. d3 Re8 13. Bf4 h6 14. Rg3 Qe6 15. Nd4 Qf6 16. Be3 Bd6 17. Rf3 Qg6 18. Nf5 Bxh2 19. Kd2 Ne7 20. Nxe7+ Rxe7 21. Rh1 Bd6 22. Rf5 f6 23. Nd5 Re5 24. Rxe5 fxe5 25. c4 Bxd5 26. exd5 Bb4+ 27. Kc1 e4 28. d4 Kb7 29. cxb5 Ra8 30. Qc4 Qd6 31. Kc2 a5 32. Rg1 g5 33. Rh1 Rf8 34. Rh3 Rf3 35. Rxf3 exf3 36. Kd1 g4 37. Kc2 h5 38. Kd1 h4 39. Kc2 h3 40. Kb1 h2 41. Qf1 Qxd5 42. Ka2 Qh5 43. Qh1 Qh3 44. d5 Qg2 45. Qc1 h1=Q 46. Qc4 Qgf1 47. Qe4 Qa1# 0-1


[Site "https://www.chess.com"]

[Event "Titled Tuesday Blitz May 25 2021"]
[White "Tomb, Maroun"]
[Black "Remizov, Yaroslav"]
[WhiteFideId "5300398"]
[BlackFideId "34134015"]
[WhiteElo "2508"]
[BlackElo "2367"]
[Result "0-1"]
[Round "06"]
[TimeControl "180+1"]
[Date "2021.05.25"]
[WhiteClock "0:00:21"]
[BlackClock "0:00:03"]

1. e4 Nc6 2. Nf3 d6 3. Be2 Nf6 4. d3 e5 5. Nbd2 Be7 6. c3 O-O 7. b4 a5 8. b5 Nb8 9. a4 h6 10. d4 Nbd7 11. O-O Re8 12. Re1 Bf8 13. Bc4 Nb6 14. Bb3 Bg4 15. h3 Bh5 16. dxe5 dxe5 17. Qe2 Bc5 18. Nf1 Qe7 19. Ng3 Bg6 20. Nh4 Bh7 21. Nhf5 Qf8 22. Qf3 Nbd7 23. Rd1 Rad8 24. h4 Kh8 25. h5 Bxf5 26. Nxf5 Nh7 27. Nh4 Ndf6 28. Bb2 Ng5 29. Qf5 Ngxe4 30. Rxd8 Rxd8 31. Kh2 Bxf2 32. Nf3 Bg3+ 33. Kg1 Qc5+ 34. Kh1 Nf2+ 35. Kg1 Rd1+ 36. Bxd1 Nxd1+ 37. Kh1 Nxb2 38. Qc8+ Ng8 39. Qg4 Bf4 40. g3 Nd3 41. Kg2 Qf2+ 42. Kh3 Qe2 43. Kh4 Nf2 44. Re1 Qxe1 45. Nxe1 Nxg4 46. gxf4 Ne3 47. fxe5 Nd5 48. c4 Nb6 49. c5 Nxa4 50. Nd3 Ne7 51. Kg4 c6 52. b6 Nc3 53. Kf4 a4 54. Nb4 a3 55. Ke3 Ned5+ 56. Kd4 Nxb4 57. e6 fxe6 0-1


[Site "https://www.chess.com"]

[Event "Titled Tuesday Blitz May 25 2021"]
[White "Turzo, Attila"]
[Black "Gabrielian, Artur"]
[WhiteFideId "704954"]
[BlackFideId "4131002"]
[WhiteElo "2506"]
[BlackElo "2539"]
[Result "0-1"]
[Round "06"]
[TimeControl "180+1"]
[Date "2021.05.25"]
[WhiteClock "0:00:27"]
[BlackClock "0:01:25"]

1. d4 Nf6 2. Nf3 g6 3. Bg5 Bg7 4. c3 O-O 5. Nbd2 d5 6. e3 Nbd7 7. Be2 c5 8. O-O Re8 9. h3 h6 10. Bf4 b6 11. a4 Bb7 12. a5 Ne4 13. Bb5 Nd6 14. a6 Bc8 15. Bc6 Rb8 16. Bxd5 Nf6 17. Bc6 Bd7 18. Ba4 Bxa4 19. Qxa4 Nd5 20. Be5 b5 21. Qb3 c4 22. Qc2 Qb6 23. Bxg7 Kxg7 24. Ne5 Rbd8 25. g3 Qc7 26. e4 Nb6 27. Ng4 h5 28. Ne3 e5 29. d5 Nd7 30. b4 cxb3 31. Nxb3 Rc8 32. Rfc1 h4 33. g4 Nf6 34. f3 Nh7 35. Kg2 Ng5 36. Na5 Qe7 37. Nc6 Qf6 38. Qd2 Qxf3+ 0-1


[Site "https://www.chess.com"]

[Event "Titled Tuesday Blitz May 25 2021"]
[White "Vega Gutierrez, Sabrina"]
[Black "Dowgird, Filip"]
[WhiteFideId "2219026"]
[BlackFideId "1121235"]
[WhiteElo "2281"]
[BlackElo "2209"]
[Result "0-1"]
[Round "06"]
[TimeControl "180+1"]
[Date "2021.05.25"]
[WhiteClock "0:00:03"]
[BlackClock "0:01:13"]

1. e4 d6 2. d4 Nf6 3. Nc3 c6 4. Nf3 Bg4 5. h3 Bh5 6. Be2 e6 7. Be3 d5 8. e5 Nfd7 9. g4 Bg6 10. h4 h5 11. Ng5 c5 12. gxh5 Bf5 13. Nb5 Nc6 14. c3 a6 15. Nd6+ Bxd6 16. exd6 cxd4 17. cxd4 Qa5+ 18. Kf1 f6 19. Nh3 Kf7 20. Nf4 Qb4 21. Bd3 Bxd3+ 22. Qxd3 Nf8 23. Ng6 Rxh5 24. Nxf8 Rxf8 25. Rg1 Qb5 26. Qxb5 axb5 27. a4 bxa4 28. Rxa4 Rxh4 29. Ke2 Rd8 30. Rc1 Rxd6 31. Kd3 Rd7 32. b4 b5 33. Ra8 Nxb4+ 34. Ke2 e5 35. dxe5 fxe5 0-1


[Site "https://www.chess.com"]

[Event "Titled Tuesday Blitz May 25 2021"]
[White "Villegas, Pierre"]
[Black "Lazavik, Denis"]
[WhiteFideId "654183"]
[BlackFideId "13515110"]
[WhiteElo "2411"]
[BlackElo "2436"]
[Result "0-1"]
[Round "06"]
[TimeControl "180+1"]
[Date "2021.05.25"]
[WhiteClock "0:00:48"]
[BlackClock "0:01:53"]

1. d4 Nf6 2. c4 e6 3. Nc3 Bb4 4. f3 d5 5. a3 Bxc3+ 6. bxc3 c5 7. cxd5 Nxd5 8. dxc5 Qa5 9. e4 Nf6 10. Be3 O-O 11. Qb3 Nfd7 12. Qb4 Qc7 13. Bb5 Nc6 14. Bxc6 bxc6 15. Ne2 Ba6 16. Qa4 Bb5 17. Qc2 Qa5 18. Kf2 Ne5 19. Rhb1 Bd3 20. Qb3 Bxb1 21. Rxb1 h6 22. Kg1 Rab8 23. Qxb8 Rxb8 24. Rxb8+ Kh7 25. Bd4 Nc4 26. Rb4 Qxa3 27. Rxc4 Qa2 28. Rb4 Qxe2 29. h3 f6 30. Rb7 e5 31. Bf2 a5 32. Rb6 a4 33. Rxc6 a3 34. Ra6 Qxa6 0-1


[Site "https://www.chess.com"]

[Event "Titled Tuesday Blitz May 25 2021"]
[White "Visakh N R"]
[Black "zmeeed67"]
[WhiteFideId "25012223"]
[WhiteElo "2428"]
[BlackElo "2595"]
[Result "1-0"]
[Round "06"]
[TimeControl "180+1"]
[Date "2021.05.25"]
[WhiteClock "0:00:48"]
[BlackClock "0:00:01"]

1. e4 c5 2. Nf3 Nf6 3. Nc3 d5 4. exd5 Nxd5 5. Bb5+ Bd7 6. Bxd7+ Qxd7 7. O-O Nc6 8. Ne4 e6 9. d4 cxd4 10. Nxd4 Rd8 11. c3 Be7 12. Nxc6 Qxc6 13. Qg4 f5 14. Qxg7 Kd7 15. Ng3 h5 16. c4 Qxc4 17. Rd1 h4 18. Bg5 Qb4 19. Nxf5 Rdg8 20. Qxe7+ Qxe7 21. Bxe7 exf5 22. Bf6 Rh6 23. Rxd5+ Ke6 24. Rd8 Rg7 1-0


[Site "https://www.chess.com"]

[Event "Titled Tuesday Blitz May 25 2021"]
[White "Weetik, Vjacheslav"]
[Black "Nitish Belurkar"]
[WhiteFideId "4153472"]
[BlackFideId "5084768"]
[WhiteElo "2469"]
[BlackElo "2306"]
[Result "1/2-1/2"]
[Round "06"]
[TimeControl "180+1"]
[Date "2021.05.25"]
[WhiteClock "0:00:01"]
[BlackClock "0:00:13"]

1. e4 d5 2. exd5 Nf6 3. Nf3 Nxd5 4. d4 Bf5 5. Bd3 Bxd3 6. Qxd3 e6 7. O-O Be7 8. c4 Nf6 9. Nc3 O-O 10. Bf4 c5 11. Rad1 cxd4 12. Nxd4 Qc8 13. Ndb5 Na6 14. b3 Qc6 15. Be5 Nc5 16. Qg3 a6 17. Nd4 Qc8 18. Rfe1 Rd8 19. h3 Ne8 20. Qf3 Bf6 21. Qg3 Bxe5 22. Qxe5 Qc7 23. Qe3 Nf6 24. Nf3 h6 25. Ne5 Rac8 26. Qg3 Ncd7 27. Nxd7 Rxd7 28. Qxc7 Rcxc7 29. Kf1 Kf8 30. Rxd7 Rxd7 31. Ke2 Ke7 32. Rd1 Rxd1 33. Kxd1 Nd7 34. Kd2 f5 35. Ke3 g5 36. Kd4 Kd6 37. b4 e5+ 38. Kd3 Kc6 39. g4 fxg4 40. hxg4 Nf6 41. f3 b5 42. cxb5+ axb5 43. a3 Nd7 44. Ke4 Nb6 45. Kxe5 Nc4+ 46. Kf6 Nxa3 47. Kg6 Nc2 48. Kxh6 Nd4 49. Kxg5 Nxf3+ 50. Kf4 Nd4 51. g5 Kd6 52. Ke4 Nc2 53. Nxb5+ Ke7 54. Nd4 Nxb4 55. Kf5 Nd5 56. g6 Ke8 57. Kg5 Ne7 58. g7 Kf7 1/2-1/2


[Site "https://www.chess.com"]

[Event "Titled Tuesday Blitz May 25 2021"]
[White "Woodward, Andy"]
[Black "Hebden, Mark L"]
[WhiteFideId "30953499"]
[BlackFideId "400084"]
[WhiteElo "2604"]
[BlackElo "2457"]
[Result "0-1"]
[Round "06"]
[TimeControl "180+1"]
[Date "2021.05.25"]
[WhiteClock "0:00:18"]
[BlackClock "0:00:31"]

1. d4 Nf6 2. c4 g6 3. Nc3 Bg7 4. g3 O-O 5. Bg2 d6 6. Nf3 Nc6 7. O-O Rb8 8. h3 a6 9. e4 b5 10. cxb5 axb5 11. Re1 e6 12. Bg5 b4 13. Na4 Qd7 14. Rc1 Ba6 15. Bxf6 Bxf6 16. e5 Bg7 17. d5 Nd8 18. dxe6 Nxe6 19. exd6 cxd6 20. b3 Bb5 21. Re4 Bxa4 22. bxa4 d5 23. Re2 d4 24. h4 Rfd8 25. Bh3 d3 26. Rd2 Bc3 27. Bxe6 fxe6 28. Ng5 Qd5 29. Nh3 e5 30. Kh2 Rbc8 31. a5 Bxd2 32. Rxc8 Rxc8 33. Qxd2 Rc2 34. Qxb4 d2 35. Qb8+ Kg7 36. Qa7+ Qf7 37. Qe3 Qf5 38. Qa7+ Kg8 39. Qa8+ Rc8 40. Qd5+ Kg7 41. Qxd2 Rc2 42. Qe3 Rxa2 43. Qa7+ Qf7 44. Qe3 Qf6 45. Qa7+ Kh6 46. Qe3+ Kg7 47. Ng5 Qxf2+ 48. Qxf2 Rxf2+ 49. Kh3 Ra2 50. Ne6+ Kf6 51. Nc5 Rxa5 52. Nb3 Rd5 53. Kg4 Rd3 54. Nc5 Rd4+ 55. Kf3 Ke7 56. Ne4 Rxe4 57. Kxe4 Ke6 58. g4 h6 59. h5 g5 60. Ke3 Kd5 61. Kf2 e4 62. Ke2 Kd4 63. Kd2 e3+ 64. Ke2 Ke4 65. Ke1 Kf4 66. Ke2 Kxg4 67. Kxe3 Kxh5 68. Kf3 Kh4 69. Kg2 g4 70. Kh2 Kg5 71. Kg2 h5 72. Kf1 h4 73. Kg2 h3+ 74. Kh2 Kf4 75. Kg1 g3 76. Kh1 g2+ 77. Kg1 Kf3 78. Kh2 Kf2 79. Kxh3 g1=Q 80. Kh4 Qg6 81. Kh3 Qg3# 0-1


[Site "https://www.chess.com"]

[Event "Titled Tuesday Blitz May 25 2021"]
[White "Xiong, Jeffery"]
[Black "Vogel, Roven"]
[WhiteFideId "2047640"]
[BlackFideId "12908088"]
[WhiteElo "2724"]
[BlackElo "2516"]
[Result "1-0"]
[Round "06"]
[TimeControl "180+1"]
[Date "2021.05.25"]
[WhiteClock "0:01:25"]
[BlackClock "0:00:34"]

1. c4 e6 2. Nc3 d5 3. d4 a6 4. cxd5 exd5 5. Bf4 Nf6 6. e3 c5 7. Nf3 c4 8. Ne5 b5 9. a3 Be7 10. Be2 O-O 11. Qc2 Bb7 12. Bf3 Nbd7 13. Rd1 Nb6 14. O-O Bd6 15. Qf5 Qc8 16. Qg5 Qe6 17. Qg3 Rad8 18. Rfe1 Ne4 19. Bxe4 dxe4 20. f3 f6 21. Ng4 Bxf4 22. exf4 h5 23. f5 Qd6 24. Nh6+ Kh8 25. Qg6 gxh6 26. Qxh6+ Kg8 27. Qg6+ Kh8 28. Qxh5+ Kg8 29. Qg6+ Kh8 30. Nxe4 Qf4 31. Nxf6 Qh4 32. Re7 Rg8 33. Rh7+ 1-0


[Site "https://www.chess.com"]

[Event "Titled Tuesday Blitz May 25 2021"]
[White "Yuan, Qingyu"]
[Black "Piesik, Piotr"]
[WhiteFideId "8609772"]
[BlackFideId "1136194"]
[WhiteElo "2359"]
[BlackElo "2369"]
[Result "1/2-1/2"]
[Round "06"]
[TimeControl "180+1"]
[Date "2021.05.25"]
[WhiteClock "0:00:06"]
[BlackClock "0:00:17"]

1. e4 g6 2. d4 Bg7 3. Nf3 c6 4. Bd3 d6 5. h3 Nf6 6. O-O O-O 7. c3 Nbd7 8. Re1 e5 9. Nbd2 Qe7 10. Qc2 Rb8 11. a4 b6 12. Nc4 a6 13. b3 b5 14. Na5 Bb7 15. Ba3 Nh5 16. Rad1 Rfd8 17. Bf1 Qe6 18. dxe5 Nxe5 19. Nxe5 Qxe5 20. Re3 Ba8 21. axb5 cxb5 22. Bb4 Rbc8 23. Qa2 Qe6 24. Qa3 Nf4 25. c4 Qe8 26. Rxd6 Rxd6 27. Bxd6 Ne6 28. c5 Bd4 29. b4 Bxe3 30. Qxe3 Nd8 31. Bd3 Nc6 32. Nxc6 Bxc6 33. Qd4 Qe6 34. f4 Re8 35. e5 Qd5 36. Qxd5 Bxd5 37. g4 Bc6 38. Bc7 Re7 39. Bd6 Ra7 40. f5 a5 41. bxa5 Rxa5 42. e6 fxe6 43. fxe6 Ra3 44. Bf1 Re3 45. e7 Kf7 46. Kf2 Re6 47. Bd3 Rxe7 48. Bxe7 Kxe7 49. Ke3 Ke6 50. Kd4 Kf6 51. h4 g5 52. hxg5+ Kxg5 53. Bxh7 Kxg4 54. Be4 Be8 55. Ke5 b4 56. Kd6 b3 57. c6 Bxc6 58. Kxc6 Kf4 59. Bb1 b2 60. Kc5 Ke3 61. Kb4 Kd2 62. Kb3 Kc1 63. Bg6 b1=Q+ 64. Bxb1 1/2-1/2


[Site "https://www.chess.com"]

[Event "Titled Tuesday Blitz May 25 2021"]
[White "Zakhartsov, Vladimir"]
[Black "Kapitanchuk, Tomas"]
[WhiteFideId "4145097"]
[BlackFideId "135046"]
[WhiteElo "2462"]
[BlackElo "1955"]
[Result "1-0"]
[Round "06"]
[TimeControl "180+1"]
[Date "2021.05.25"]
[WhiteClock "0:00:16"]
[BlackClock "0:00:12"]

1. e4 c5 2. Nf3 e6 3. g3 Nc6 4. Bg2 Nf6 5. Nc3 d5 6. exd5 exd5 7. d4 cxd4 8. Nxd4 Qb6 9. Nxc6 bxc6 10. O-O Be7 11. Re1 Be6 12. Na4 Qa5 13. b3 O-O 14. Bb2 Rfe8 15. h3 Rad8 16. Kh2 c5 17. Nc3 Bd6 18. Nxd5 Nxd5 19. Bxd5 Bf8 20. c4 Bxd5 21. Rxe8 Rxe8 22. cxd5 Qb5 23. Rc1 Re2 24. Rc2 Rxc2 25. Qxc2 Qf1 26. Be5 f6 27. Bf4 g5 28. Be3 Qb5 29. Qf5 Qa6 30. a4 Qd6 31. Kg2 Kg7 32. g4 h6 33. Qe6 Qxe6 34. dxe6 Bd6 35. Kf3 f5 36. gxf5 Kf6 37. Ke4 h5 38. f3 a6 39. Bd2 Be5 40. Bxg5+ 1-0


[Site "https://www.chess.com"]

[Event "Titled Tuesday Blitz May 25 2021"]
[White "Zarubitski, Viachaslau"]
[Black "Vaidya, Atulya"]
[WhiteFideId "13509373"]
[BlackFideId "2047713"]
[WhiteElo "2363"]
[BlackElo "2460"]
[Result "0-1"]
[Round "06"]
[TimeControl "180+1"]
[Date "2021.05.25"]
[WhiteClock "0:00:07"]
[BlackClock "0:00:30"]

1. e4 c6 2. Nf3 d5 3. Nc3 Bg4 4. h3 Bxf3 5. Qxf3 e6 6. Be2 Nd7 7. O-O dxe4 8. Nxe4 Ngf6 9. d4 Nxe4 10. Qxe4 Nf6 11. Qd3 Be7 12. c3 O-O 13. Bf3 Qc7 14. Qe2 Rad8 15. Re1 Rfe8 16. g3 Bd6 17. Bg5 c5 18. Rad1 cxd4 19. Rxd4 Bxg3 20. Rc4 Qb8 21. Bxf6 Bh2+ 22. Kh1 gxf6 23. Bh5 Re7 24. f4 Bxf4 25. Qg4+ Bg5 26. h4 Rd2 27. Qh3 Bh6 28. Rg4+ Kh8 29. Reg1 f5 30. R4g3 Bf4 31. Rg7 Rh2+ 32. Qxh2 Bxh2 33. R1g2 Be5 34. Rxf7 Rxf7 35. Bxf7 Bg7 36. h5 Qf4 37. Bxe6 Qh4+ 0-1


[Site "https://www.chess.com"]

[Event "Titled Tuesday Blitz May 25 2021"]
[White "Zierk, Steven"]
[Black "Sadhwani, Raunak"]
[WhiteFideId "2034255"]
[BlackFideId "35093487"]
[WhiteElo "2502"]
[BlackElo "2514"]
[Result "0-1"]
[Round "06"]
[TimeControl "180+1"]
[Date "2021.05.25"]
[WhiteClock "0:00:01"]
[BlackClock "0:00:06"]

1. e4 c5 2. Nf3 Nf6 3. e5 Nd5 4. Nc3 e6 5. Nxd5 exd5 6. d4 Nc6 7. dxc5 Bxc5 8. Qxd5 d6 9. exd6 Qb6 10. Qe4+ Be6 11. Qh4 Nb4 12. Bd3 Nxd3+ 13. cxd3 O-O 14. O-O Bxd6 15. Be3 Qxb2 16. Bd4 Qb5 17. Rab1 Qd5 18. Qe4 b6 19. a4 Rfe8 20. Rfe1 Rac8 21. h4 h6 22. Be5 Qxe4 23. dxe4 Be7 24. Rec1 Bd7 25. Rxc8 Rxc8 26. a5 b5 27. Bd4 a6 28. Ne5 Be6 29. f3 Bxh4 30. Bb6 Be7 31. Nd3 Rc4 32. Kf2 f5 33. exf5 Bxf5 34. Rd1 b4 35. g4 Bxd3 36. Rxd3 Bc5+ 37. Ke2 Kh7 38. Rd5 Bxb6 39. axb6 Rc6 40. b7 Rb6 41. Rd6 Rxb7 42. Rxa6 b3 43. Ra1 b2 44. Rb1 Kg6 45. f4 Rb4 46. Kf3 Kf6 47. Kg3 Ke6 48. Kh4 Rb5 49. f5+ Kf6 50. Kh5 Rb4 51. Kh4 Rb3 52. g5+ hxg5+ 53. Kh5 Rb4 0-1


[Site "https://www.chess.com"]

[Event "Titled Tuesday Blitz May 25 2021"]
[White "Acor, Corey"]
[Black "Schmakel, Sam"]
[WhiteFideId "2024861"]
[BlackFideId "2039311"]
[WhiteElo "2803"]
[BlackElo "2356"]
[Result "1-0"]
[Round "07"]
[TimeControl "180+1"]
[Date "2021.05.25"]
[WhiteClock "0:00:28"]
[BlackClock "0:00:07"]

1. e4 e5 2. Nf3 Nc6 3. Bc4 Bc5 4. c3 Nf6 5. d4 exd4 6. cxd4 Bb4+ 7. Bd2 Bxd2+ 8. Nbxd2 d5 9. exd5 Nxd5 10. O-O O-O 11. Re1 Nb6 12. Bd3 h6 13. Nb3 Re8 14. h3 Nb4 15. Be4 c6 16. Qd2 N4d5 17. Rac1 Be6 18. Nc5 Re7 19. Bb1 Qd6 20. Ne5 Rae8 21. b3 Bc8 22. Ne4 Qd8 23. Ng3 f6 24. Ng6 Rxe1+ 25. Rxe1 Rxe1+ 26. Qxe1 Kf7 27. Bd3 Ne7 28. Nxe7 Qxe7 29. Bg6+ Kf8 30. Qa5 Nd5 31. Qxa7 Qd6 32. Qa8 Qc7 33. Bf5 Ne7 34. Bxc8 Nxc8 35. Nf5 g6 36. Nxh6 f5 37. g4 Kg7 38. g5 Qf4 39. Qxb7+ 1-0


[Site "https://www.chess.com"]

[Event "Titled Tuesday Blitz May 25 2021"]
[White "Akbas, Umut Ata"]
[Black "Rasulov, Vugar"]
[WhiteFideId "44572646"]
[BlackFideId "13402390"]
[WhiteElo "1590"]
[BlackElo "2553"]
[Result "0-1"]
[Round "07"]
[TimeControl "180+1"]
[Date "2021.05.25"]
[WhiteClock "0:00:35"]
[BlackClock "0:01:03"]

1. d4 Nf6 2. c4 e6 3. Nc3 Bb4 4. Nf3 O-O 5. Qc2 c5 6. a3 Bxc3+ 7. Qxc3 cxd4 8. Nxd4 d5 9. Bg5 e5 10. Nf3 d4 11. Qc2 h6 12. Bh4 Nc6 13. Rd1 Re8 14. b4 e4 15. Nd2 d3 16. Qc3 Nd4 17. Rc1 g5 18. Bg3 Nc2+ 19. Rxc2 dxc2 20. e3 a5 21. b5 Qe7 22. c5 Bg4 23. Bd6 Nd5 24. Qxc2 Qf6 25. Nxe4 Rxe4 26. Bc4 Nxe3 27. fxe3 Rxe3+ 28. Kd2 Qd4+ 0-1


[Site "https://www.chess.com"]